 Dungeon Crawl Stone Soup version 0.30.1-11-g7821555f0a (webtiles) character file.

Game seed: 6009868686812668318

69930 CrazyMind the Eclecticist (level 14, -3/96 HPs)
             Began as a Demonspawn Conjurer on Dec 28, 2023.
             Was an Initiate of Gozag.
             Slain by a white very ugly thing (21 damage)
             ... in an ice cave on Dec 29, 2023.
             The game lasted 03:05:27 (29890 turns).

CrazyMind the Eclecticist (Demonspawn Conjurer)    Turns: 29890, Time: 03:05:29

Health: -3/96      AC: 15    Str: 10    XL:     14   Next: 92%
Magic:  21/42      EV: 13    Int: 23    God:    Gozag
Gold:   4425       SH:  5    Dex: 13    Spells: 24/44 levels left

rFire   + . .        P - +1 rapier (elec)
rCold   + . .        a - +0 buckler
rNeg    . . .        E - +4 leather armour of Doomed the Good {Rampage +Blink rElec rF+}
rPois   .            u - +2 helmet
rElec   +            (cloak unavailable)
rCorr   .            k - +2 pair of gloves
SInv    .            Z - +0 pair of boots
Will    +....        l - amulet of the acrobat
Stlth   +++++        M - ring of protection from cold
HPRegen 1.36/turn    H - ring of magical power
MPRegen 0.28/turn

%: acrobat, rampage
@: gold aura
A: thin skeletal structure 1, powered by death 3, spiny 1, augmentation 1,
weakness stinger 3
a: Renounce Religion, Evoke Blink, Potion Petition, Call Merchant, Bribe Branch


You were in an ice cave.
You worshipped Gozag.
Gozag was most pleased with you.
You visited 3 branches of the dungeon, and saw 20 of its levels.
You also visited: Ice Cave.

You collected 6602 gold pieces.
You spent 1568 gold pieces at shops.
You paid 609 gold pieces to Gozag.

Inventory:

Hand Weapons
 P - a +1 rapier of electrocution (weapon)
Missiles
 f - 13 boomerangs
 m - 3 atropa-tipped darts
 A - 47 poisoned darts (quivered)
 G - 3 boomerangs of dispersal
 K - a throwing net
 X - 2 curare-tipped darts
Armour
 a - a +0 buckler (worn)
 c - a +0 robe of resistance
 k - a +2 pair of gloves (worn)
 u - a +2 helmet (worn)
 v - a +1 ring mail of cold resistance
 E - the +4 leather armour of Doomed the Good (worn) {Rampage +Blink rElec rF+}
   (You found it on level 5 of the Dungeon)

   rF:        It protects you from fire.
   rElec:     It insulates you from electricity.
   +Blink:    It lets you blink.
   Rampage:   It bestows one free step when moving towards enemies.
 Z - a +0 pair of boots (worn)
Jewellery
 e - a ring of see invisible
 g - a ring of willpower
 l - an amulet of the acrobat (around neck)
 s - the ring "Baomaq" {rCorr Str+2}
   (You found it on level 13 of the Dungeon)

   [ring of resist corrosion]

   Str:       It affects your strength (+2).
   rCorr:     It protects you from acid and corrosion.
 H - a ring of magical power (right hand)
 M - a ring of protection from cold (left hand)
 T - a ring of willpower
Wands
 j - a wand of polymorph (5)
 I - a wand of acid (7)
 R - a wand of mindburst (30)
Scrolls
 d - 5 scrolls of teleportation
 i - 4 scrolls of blinking
 o - a scroll of magic mapping
 w - 2 scrolls of fear
 x - 2 scrolls of vulnerability
 C - a scroll of butterflies
 Q - 2 scrolls of fog
Potions
 b - 2 potions of magic
 h - 4 potions of haste
 r - 18 potions of curing
 t - a potion of ambrosia
 z - 3 potions of might
 D - 4 potions of heal wounds
 F - 3 potions of cancellation
 J - 4 potions of flight
 L - 2 potions of resistance
 N - 2 potions of berserk rage
 S - a potion of brilliance
 U - a potion of mutation {unknown}
 V - a potion of invisibility
Miscellaneous
 n - a box of beasts (inert)
 Y - a phantom mirror


   Skills:
 * Level 4.4 Fighting
 * Level 5.9 Short Blades
 + Level 4.1 Throwing
 + Level 5.8 Armour
 + Level 5.6 Dodging
 * Level 8.5 Stealth
 * Level 6.2 Shields
 + Level 15.6 Spellcasting
 + Level 12.5 Conjurations
 * Level 8.7 Hexes
 + Level 4.6 Translocations
 * Level 1.1 Fire Magic
 + Level 0.2 Evocations


You had 24 spell levels left.
You knew the following spells:

 Your Spells              Type           Power      Damage    Failure   Level
a - Magic Dart            Conj           100%       1d8       1%          1
b - Searing Ray           Conj           100%       2d8       1%          2
c - Dazzling Flash        Conj/Hex       100%       N/A       1%          3
d - Iskenderun's Mystic   Conj/Tloc      55%        2d12      1%          4
e - Blink                 Tloc           78%        N/A       1%          2
f - Fulminant Prism       Conj/Hex       30%        3d15      1%          4
g - Flame Wave            Conj/Fire      49%        2d12      3%          4

Your spell library contained the following spells:

 Spells                   Type           Power      Damage    Failure   Level
 Apportation              Tloc           78%        N/A       1%          1
 Ensorcelled Hibernation  Hex/Ice        76%        N/A       1%          2
 Lesser Beckoning         Tloc           78%        N/A       1%          2
 Momentum Strike          Conj/Tloc      100%       3d10      1%          2
 Static Discharge         Conj/Air       92%        2-6/arc   1%          2
 Summon Guardian Golem    Hex/Summ       38%        N/A       2%          3
 Scorch                   Fire           46%        2d6       5%          2
 Volatile Blastmotes      Fire/Tloc      62%        2d15      5%          3
 Beastly Appendage        Tmut           34%        N/A       6%          1
 Necrotise                Necr           68%        1d7       6%          1
 Summon Small Mammal      Summ           68%        N/A       6%          1
 Wereblood                Tmut           17%        N/A       9%          2
 Anguish                  Hex/Necr       19%        N/A       10%         4
 Leda's Liquefaction      Hex/Erth       19%        N/A       10%         4
 Call Canine Familiar     Summ           17%        N/A       17%         3
 Spider Form              Tmut/Pois      17%        N/A       17%         3
 Summon Mana Viper        Hex/Summ       38%        N/A       26%         5
 Airstrike                Air            8%         2d(2-18)  50%         4
 Summon Ice Beast         Ice/Summ       17%        N/A       50%         4
 Summon Lightning Spire   Summ/Air       17%        N/A       50%         4
 Conjure Ball Lightning   Conj/Air       23%        3x3d6     56%         6
 Alistair's Intoxication  Tmut/Pois      11%        N/A       85%         5
 Lee's Rapid Deconstruct  Erth           8%         3d7*      85%         5
 Statue Form              Tmut/Erth      11%        N/A       100%        6
 Summon Cactus Giant      Summ           8%         N/A       100%        6
 Monstrous Menagerie      Summ           8%         N/A       100%        7
 Discord                  Hex            27%        N/A       100%        8
 Disjunction              Tloc           19%        N/A       100%        8


Dungeon Overview and Level Annotations

Branches:
Dungeon (14/15) Zot: 26872  Temple (1/1) D:4 Zot: 5868    Lair (5/5) D:11 Zot: 21335
  Swamp (0/4) Lair:3        Snake (0/4) Lair:2        Slime (0/5) Lair:4
    Orc (0/2) D:12          IceCv (1/1) Zot: 4724
 Vaults: D:13-14

Altars:
Ashenzari
Cheibriados
Dithmenos
Fedhas
Gozag
Hepliaklqana
Kikubaaqudgha
Makhleb
Nemelex Xobeh
Okawaru
Qazlal
Ru
Sif Muna
Trog
Uskayaw
Vehumet
Wu Jian
Xom
Yredelemnul

Shops:
D:10 :

Portals:
Abyss: Lair:1

Annotations:
Lair:1 2 transporters, Mugafut's ghost, novice MiBe


Innate Abilities, Weirdness & Mutations

You have a somewhat thin skeletal structure. (Dex +2, Stealth+)
You regenerate a lot of health from kills.
You are partially covered in sharp spines.
Your magical and physical power is slightly enhanced at high health.
You have a sharp stinger which inflicts weakening toxins.


Message History

The white very ugly thing is moderately wounded.
Your fulminant prism explodes!
The blast of energy engulfs the white very ugly thing!!!
The white very ugly thing is heavily wounded.
The freezing wraith is struck by your spines.
The freezing wraith hits you! The freezing wraith freezes you! You resist.
The freezing wraith hits you but does no damage.
You block the white very ugly thing's attack.
Casting: Fulminant Prism (mildly dangerous; 1% risk of failure)
Confirm with . or Enter, or press ? or * to list all spells.
Casting: Flame Wave (dangerous; 3% risk of failure)
Press: ? - help, Dir - look around, f - activate A wave of flame ripples out!
The flame wave engulfs the freezing wraith!
The freezing wraith is burned terribly!
The freezing wraith is severely damaged.
The flame wave engulfs the white very ugly thing!!
The white very ugly thing is severely wounded. (Press . to intensify the flame waves.)
The freezing wraith is struck by your spines.
The freezing wraith hits you! The freezing wraith freezes you! You resist.
The freezing wraith hits you.
* * * LOW HITPOINT WARNING * * *
You block the white very ugly thing's attack.
Casting: Flame Wave (dangerous; 3% risk of failure)
Confirm with . or Enter, or press ? or * to list all spells.
Restarting spell: Flame Wave (dangerous; 3% risk of failure)
Press: ? - help, Dir - look around, f - activate A wave of flame ripples out!
The flame wave engulfs the freezing wraith!
The freezing wraith is burned terribly!
You destroy the freezing wraith!
The flame wave engulfs the white very ugly thing!
The white very ugly thing is almost dead. (Press . to intensify the flame waves.)
The white very ugly thing kicks you!
* * * LOW HITPOINT WARNING * * *
The white very ugly thing freezes you!! You resist.
You die...
Your body crumbles into a pile of gold.

.............#### ###...## ..
............## ###W..### ##..
#..........## ###...### ##..u
##.#....#.## ###....##
#####..W ####..#### ##....###
##.##...## #..## ##...###
##...##.... ##..##
#..########..#..###..
##..##≈##.$###.....###.....#
##....≈≈###.@u.....## ##...##
##...#.≈≈≈##......$.8########
#...###≈≈≈##.........)[#
#...## ≈≈≈≈............#
##...# ≈≈≈#.#.......####
##...###≈≈≈####...###
##.....#########..## ###
#...∩...# ##..#### ###.##
#.......# #...#..#####....#


You could see a white very ugly thing.

Vanquished Creatures
  Gastronok (Lair:3)
  Nessos (Lair:4)
  Snorg (D:12)
  A catoblepas (Lair:5)
  A caustic shrike simulacrum (IceCv)
  3 boulder beetles
  4 hydras (Lair:5)
  3 centaur warriors
  3 death yaks (D:11)
  A two-headed ogre (D:9)
  A skyshark (Lair:5)
  A skeletal warrior (D:8)
  2 goliath frogs (Lair:5)
  A necromancer (IceCv)
  4 bog bodies
  An oklob plant (Lair:2)
  A salamander (shapeshifter) (D:8)
  4 ugly things
  4 lindwurms (D:13)
  A manticore (D:13)
  A cyclops (D:13)
  An elephant (shapeshifter) (D:14)
  6 black mambas
  A gargoyle (D:13)
  A torpor snail (Lair:3)
  21 cane toads
  14 komodo dragons
  2 kobold demonologists
  A rime drake (Lair:4)
  16 freezing wraiths
  An unseen horror (D:11)
  2 anaconda simulacra (IceCv)
  3 ice devils (IceCv)
  A polar bear (Lair:5)
  A troll (D:8)
  A golden dragon simulacrum (IceCv)
  A wolf spider simulacrum (D:14)
  3 hornets
  2 tyrant leeches
  23 blink frogs
  A jumping spider (shapeshifter) (D:13)
  2 slime creatures (D:8)
  A vampire (D:8)
  3 dire elephant simulacra (IceCv)
  7 wyverns
  5 wraiths
  57 yaks
  4 basilisks
  2 minotaur simulacra (IceCv)
  3 steam dragons
  3 harpy simulacra (IceCv)
  12 vampire mosquitoes
  2 acid dragons
  A naga (Lair:2)
  13 water moccasins
  An alligator simulacrum (IceCv)
  3 orc warriors (D:8)
  2 sky beasts (D:8)
  3 ice beasts
  5 ogres
  19 centaurs
  13 wolves
  A phantom (D:5)
  4 kobold brigands (D:8)
  4 scorpions
  3 gnoll sergeants
  22 bullfrogs
  A deep troll simulacrum (IceCv)
  9 wights
  10 killer bees
  A lindwurm simulacrum (IceCv)
  3 howler monkeys
  6 hounds
  A jelly (D:7)
  8 orc priests
  3 gnoll boudas
  An iguana (D:6)
  A sleepcap (D:7)
  Terence (D:2)
  7 hell rats
  9 orc wizards
  A statue (D:5)
  A boggart simulacrum (D:14)
  Robin (D:3)
  21 gnolls
  2 river rats (D:11)
  7 adders
  A shadow imp (D:6)
  2 white imps
  3 ufetubi
  A worm (D:2)
  5 dart slugs
  45 orcs
  A ball python (D:1)
  5 bats
  8 endoplasms
  3 giant cockroaches
  18 goblins
  4 hobgoblins
  4 jackals (D:1)
  18 kobolds
  6 quokkas
  4 frilled lizards
  2 rats
561 creatures vanquished.

Vanquished Creatures (others)
  266 fulminant prisms
266 creatures vanquished.

Grand Total: 827 creatures vanquished

Notes
Turn   | Place    | Note
-------+----------+-------------------------------------------
     0 | D:1      | CrazyMind the Demonspawn Conjurer began the quest for the
                  | Orb.
     0 | D:1      | Reached XP level 1. HP: 13/13 MP: 3/3
   240 | D:1      | Gained mutation: You are partially covered in sharp spines.
                  | [demonic ancestry]
   240 | D:1      | Reached XP level 2. HP: 17/19 MP: 0/5
   280 | D:1      | Learned a level 2 spell: Searing Ray
  1009 | D:1      | Reached XP level 3. HP: 24/24 MP: 4/6
  1032 | D:1      | Learned a level 3 spell: Dazzling Flash
  1299 | D:2      | Noticed Terence
  1317 | D:2      | Killed Terence
  1318 | D:2      | Reached skill level 5 in Conjurations
  1636 | D:2      | Gained mutation: You regenerate a little health from kills.
                  | [demonic ancestry]
  1636 | D:2      | Reached XP level 4. HP: 30/30 MP: 4/7
  2412 | D:3      | Noticed Robin
  2458 | D:3      | Reached skill level 3 in Spellcasting
  2516 | D:3      | Killed Robin
  2840 | D:3      | Gained mutation: You have a small tail. [demonic ancestry]
  2840 | D:3      | Reached XP level 5. HP: 35/35 MP: 6/9
  2936 | D:3      | Identified the +4 sling of Insomnia {speed, Str+3}
  3805 | D:4      | Learned a level 4 spell: Iskenderun's Mystic Blast
  4037 | D:4      | Found the +7 staff of the Meek {protect, meekguard}
  4111 | D:4      | Noticed an ogre
  4580 | D:4      | Gained mutation: You regenerate health from kills. [demonic
                  | ancestry]
  4580 | D:4      | Reached XP level 6. HP: 39/41 MP: 6/11
  4643 | D:4      | Found a staircase to the Ecumenical Temple.
  5071 | D:5      | Entered Level 5 of the Dungeon
  5126 | Temple   | Entered the Ecumenical Temple
  5224 | Temple   | Became a worshipper of Gozag Ym Sagoz the Greedy
  5266 | D:4      | Reached skill level 4 in Spellcasting
  5326 | D:5      | Noticed a water moccasin
  5348 | D:5      | Identified the +4 leather armour of Doomed the Good
                  | {Rampage +Blink rElec rF+}
  5625 | D:5      | Reached XP level 7. HP: 46/46 MP: 8/13
  6145 | D:5      | Found a radiant altar of Vehumet.
  6188 | D:5      | Reached skill level 5 in Spellcasting
  6291 | D:5      | Learned a level 4 spell: Fulminant Prism
  6320 | D:5      | Reached skill level 1 in Throwing
  6591 | D:5      | Gained mutation: You regenerate a lot of health from kills.
                  | [demonic ancestry]
  6591 | D:5      | Reached XP level 8. HP: 52/52 MP: 16/16
  7348 | D:6      | Reached skill level 6 in Spellcasting
  8534 | D:7      | Identified the +1 leather armour of Qonyad {Fly Will+ Str+3
                  | Int-5}
  8840 | D:7      | Reached skill level 7 in Spellcasting
  8840 | D:7      | Gained mutation: You have a tail ending in a sharp stinger.
                  | [demonic ancestry]
  8840 | D:7      | Reached XP level 9. HP: 57/57 MP: 19/19
  9672 | D:7      | Reached skill level 1 in Armour
  9803 | D:8      | Paralysed by a hornet for 1 turns
  9971 | D:8      | Reached skill level 8 in Spellcasting
  9975 | D:8      | Noticed a green ugly thing
  9975 | D:8      | Noticed a skeletal warrior
 10007 | D:8      | Reached skill level 1 in Fighting
 10431 | D:8      | Noticed a boulder beetle
 10515 | D:8      | Killed a green ugly thing
 10516 | D:8      | Gained mutation: Your magical and physical power is
                  | slightly enhanced at high health. [demonic ancestry]
 10516 | D:8      | Reached XP level 10. HP: 63/65 MP: 20/22
 10727 | D:8      | Reached skill level 1 in Hexes
 11055 | D:8      | Reached skill level 9 in Spellcasting
 11127 | D:8      | Noticed a boulder beetle
 11840 | D:9      | Noticed a centaur warrior
 11848 | D:9      | Killed a centaur warrior
 11995 | D:8      | Killed a boulder beetle
 11996 | D:8      | Reached skill level 10 in Conjurations
 11996 | D:8      | Gained mutation: You have a somewhat thin skeletal
                  | structure. (Dex +2, Stealth+) [demonic ancestry]
 11996 | D:8      | Reached XP level 11. HP: 25/73 MP: 18/24
 12478 | D:8      | Reached skill level 10 in Spellcasting
 12479 | D:8      | Killed a skeletal warrior
 13339 | D:9      | Reached skill level 5 in Armour
 13438 | D:9      | Noticed a two-headed ogre
 13599 | D:9      | Killed a two-headed ogre
 13815 | D:9      | Reached skill level 5 in Dodging
 13980 | D:10     | Entered Level 10 of the Dungeon
 14055 | D:10     | Found Cisywuah's Book Shoppe.
 14067 | D:9      | Identified a scroll of acquirement
 14067 | D:9      | Acquired 1073 gold pieces
 14095 | D:10     | Identified the +5 mace of Instant Death {flame, rElec
                  | Int+6}
 14326 | D:10     | Bought a book of Spatial Translocations for 288 gold pieces
 14326 | D:10     | Bought a manual of Spellcasting for 1280 gold pieces
 14329 | D:10     | Learned a level 2 spell: Blink
 14448 | D:10     | Reached skill level 1 in Short Blades
 14879 | D:10     | Reached skill level 5 in Stealth
 14974 | D:10     | Reached skill level 11 in Spellcasting
 14974 | D:10     | Reached skill level 1 in Translocations
 15226 | D:11     | Noticed a boulder beetle
 15237 | D:11     | Killed a boulder beetle
 15473 | D:11     | Noticed a death yak
 15791 | D:11     | Found a transporter.
 16107 | D:11     | Found a staircase to the Lair.
 16107 | D:11     | Noticed a death yak
 16388 | D:11     | Noticed a death yak
 16773 | D:11     | Killed a death yak
 16979 | D:11     | Killed a death yak
 16980 | D:11     | Reached XP level 12. HP: 81/81 MP: 18/27
 17129 | D:11     | Killed a death yak
 17130 | D:11     | Reached skill level 1 in Shields
 17313 | Lair:1   | Entered Level 1 of the Lair of Beasts
 17344 | Lair:1   | Reached skill level 12 in Spellcasting
 17447 | Lair:1   | Found a one-way gate to the infinite horrors of the Abyss.
 17447 | Lair:1   | Noticed Mugafut's ghost (novice MiBe)
 17464 | Lair:1   | Found a transporter.
 17541 | Lair:1   | Found a transporter.
 18805 | Lair:2   | Reached skill level 5 in Hexes
 19022 | Lair:2   | Found a staircase to the Snake Pit.
 19664 | Lair:2   | Reached skill level 13 in Spellcasting
 20062 | Lair:3   | Noticed Gastronok
 20121 | Lair:3   | Killed Gastronok
 20604 | Lair:3   | Reached XP level 13. HP: 86/86 MP: 25/30
 20921 | Lair:3   | Found a staircase to the Swamp.
 21442 | Lair:3   | Acquired the ring of Qazlal's Condemnation {rF+ Int+2}
 22049 | Lair:4   | Noticed Nessos
 22308 | Lair:4   | Killed Nessos
 22592 | Lair:4   | Found a staircase to the Slime Pits.
 22631 | Lair:5   | Entered Level 5 of the Lair of Beasts
 22864 | Lair:4   | Reached skill level 14 in Spellcasting
 24087 | Lair:5   | Reached skill level 5 in Short Blades
 24310 | Lair:5   | Gained mutation: You have a sharp stinger which inflicts
                  | weakening toxins. [demonic ancestry]
 24310 | Lair:5   | Reached XP level 14. HP: 90/94 MP: 32/32
 24598 | Lair:5   | Identified the +7 great sword "Jiysiata" {drain, Contam
                  | +Blink rCorr Stlth+}
 24614 | Lair:5   | Reached skill level 15 in Spellcasting
 25224 | Lair:5   | Reached skill level 5 in Shields
 25342 | Lair:5   | Identified the +0 chain mail "Bupy" {+Inv rPois rF++}
 26329 | D:12     | Noticed Snorg
 26342 | D:12     | Killed Snorg
 26556 | D:12     | Found a staircase to the Orcish Mines.
 28080 | D:13     | Identified the +8 chain mail of Jigsaw {+Inv Str+4 Int-4}
 28090 | D:13     | Identified the ring "Baomaq" {rCorr Str+2}
 28097 | D:13     | Identified the +6 quarterstaff of Peril {drain, Will+ rCorr
                  | Int+2}
 28610 | D:14     | Found a frozen archway.
 28632 | IceCv    | Entered an ice cave
 28817 | IceCv    | Learned a level 4 spell: Flame Wave
 28908 | IceCv    | Noticed a white very ugly thing
 29499 | IceCv    | Reached skill level 1 in Fire Magic
 29758 | IceCv    | Found an ancient bone altar of Kikubaaqudgha.
 29890 | IceCv    | Slain by a white very ugly thing

Illustrated notes

Levels and vault maps discovered:
D:1:      dpeg_arrival_fog, layout_basic, nicolae_kite_square_tiling_tiny,
          st_stairs_5, chequers_serial_rivers_micro_e
D:2:      layout_basic, uniq_terence
D:3:      layout_basic, nicolae_half_adder, uniq_robin
D:4:      layout_basic, temple_statues, pf_guarded_unrand_meek
D:5:      layout_basic, vehumet_statue
D:6:      layout_gridville, minmay_misc_feat_pillars, nicolae_sextant,
          minmay_tree_intersection, kennysheep_cluttered_room
D:7:      kennysheep_steamy, layout_cave_pools, nicolae_elevator_lobby_plus
D:8:      nzn_winding_woodlands_stair_cross [nzn_winding_woodlands_5x15_twine,
          nzn_winding_woodlands_center_triple_pond,
          nzn_winding_woodlands_5x15_concentric,
          nzn_winding_woodlands_5x5_perimeter, nzn_winding_woodlands_hourglass,
          nzn_winding_woodlands_5x15_pathside_ponds,
          nzn_winding_woodlands_center_garden,
          nzn_winding_woodlands_5x15_parted], layout_loops_ring,
          hangedman_abyss_or_decor_lesser_grid
D:9:      layout_rooms, hangedman_minor_gate_pass
D:10:     layout_irregular_city, serial_shops, nicolae_shop_statue_plus
D:11:     layout_loops_corners, dpeg_lair_monsters, nicolae_diode_basic
D:12:     layout_stronghold, orc_0_dummy, uniq_snorg
D:13:     layout_small_grid, minmay_lindwurm_lava
D:14:     layout_gridville, erik_vaults_1, serial_ice, serial_ice_l,
          serial_ice_h, serial_ice_g, serial_ice_n,
          portal_ice_cave_entry_pillars_1
Temple:   compressed_dpeg_circular_temple
Lair:1:   layout_cave_pods, gammafunk_ghost_abyssal_escape
Lair:2:   minmay_lair_oklob_chamber, layout_regular_city,
          guppyfry_snake_entry_garden
Lair:3:   layout_concentric_octagons, skrybe_swamp_entry_bodies,
          cheibrodos_lair_reptile_den, grunt_megastairs_4, lemuel_fruit_tree,
          uniq_gastronok
Lair:4:   layout_loops_ring, dpeg_slime_entry_enclosed, serial_bayou_pond_e,
          uniq_nessos
Lair:5:   minmay_lair_end_frog_pond, layout_cave_pods
IceCv:    ice_cave_small_necro

Skill      XL: |  1  2  3  4  5  6  7  8  9 10 11 12 13 14 |
---------------+-------------------------------------------+-----
Stealth        | 2 3 4 5 6 7 8 |  8.5
Conjurations   | 5 6 7 8 10 11 12 | 12.5
Spellcasting   | 3 4 5 7 8 9 11 13 14 15 | 15.6
Dodging        | 2 3 4 5 |  5.6
Throwing       | 1 2 3 4 |  4.1
Armour         | 2 4 5 |  5.8
Fighting       | 1 2 3 4 |  4.4
Hexes          | 1 3 5 7 8 |  8.7
Short Blades   | 1 3 5 |  5.9
Translocations | 1 3 4 |  4.6
Shields        | 3 4 6 |  6.2
Fire Magic     | 1 |  1.1
Evocations     | |  0.2

Action                     |  1- 3 |  4- 6 |  7- 9 | 10-12 | 13-15 || total
---------------------------+-------+-------+-------+-------+-------++-------
  Melee: Unarmed           |    13 |       |       |       |       ||    13
         Dagger            |    23 |    14 |    11 |    70 |   118 ||   236
         Punch             |       |     1 |       |     1 |       ||     2
         Tailslap          |       |       |     3 |    17 |    40 ||    60
         Rapier            |       |       |       |       |    54 ||    54
  Throw: Boomerang         |     1 |     8 |    29 |     8 |       ||    46
         Dart              |       |       |     6 |     7 |    11 ||    24
   Cast: Magic Dart        |    41 |    41 |    30 |    15 |     3 ||   130
         Searing Ray       |     4 |    31 |    84 |   113 |    76 ||   308
         Dazzling Flash    |       |       |     4 |     9 |    30 ||    43
         Fulminant Prism   |       |       |     1 |    99 |   166 ||   266
         Iskenderun's Myst |       |       |       |    18 |    40 ||    58
         Blink             |       |       |       |       |     1 ||     1
         Flame Wave        |       |       |       |       |     8 ||     8
 Invoke: Potion Petition   |       |       |       |       |     1 ||     1
Ability: Evoke Blink       |       |       |       |       |     1 ||     1
  Evoke: Wand              |       |       |     1 |       |       ||     1
         Box of beasts     |       |       |       |       |     1 ||     1
    Use: Scroll            |       |       |     7 |    14 |    12 ||    33
         Potion            |       |       |     2 |       |     3 ||     5
   Stab: Sleeping          |     5 |     8 |     3 |     8 |    11 ||    35
         Distracted        |       |       |       |     1 |     1 ||     2
         Invisible         |       |       |       |       |    13 ||    13
 Armour: Robe              |     9 |     5 |    10 |       |       ||    24
         Leather armour    |       |       |    19 |    78 |   112 ||   209
  Dodge: Dodged            |    41 |    18 |    76 |   155 |   308 ||   598
  Block: Buckler           |       |       |       |    16 |    81 ||    97
